Map: Thunderbird LE

Players

Rebel - Winner!

  • Race: Protoss Protoss
  • League: Gold
  • Spawn Location: 11:00

SandboX

  • Race: Zerg Zerg
  • League: Gold
  • Spawn Location: 5:00

VOD

Have the link to the VOD?

Description

Time

  • Played on: Aug. 11, 2019, 7:04 p.m.
  • Length: 9:39
Show
View Real Time Build Order
Export as new Build Order

Rebel Protoss - Winner!

Build Orders:  

Get SALT Encoding   

  12  0:00  Probe  
  13  0:13  Probe  
  14  0:19  Pylon  
  14  0:25  Probe  
  15  0:37  Probe  
  16  0:49  Probe  
  17  0:50  Assimilator  
  17  1:09  Pylon  
  17  1:15  Probe  
  18  1:19  Forge  
  18  1:21  Gateway  
  18  1:23  Probe  
  18  1:31  Probe  
  20  1:43  Probe  
  21  1:55  Photon Cannon  
  21  1:56  Photon Cannon  
  21  2:18  Assimilator  
  21  2:19  Probe  
  22  2:25  Zealot  
  24  2:30  Cybernetics Core  
  24  2:42  Photon Cannon  
  24  3:05  Nexus  
  24  3:10  Stalker  
  26  3:30  Probe  
  27  3:35  Pylon  
  27  3:39  Warp Gate  
  27  3:40  Pylon  
  27  3:43  Pylon  
  27  3:50  Pylon  
  27  3:53  Probe  
  28  4:01  Stargate  
  28  4:04  Stargate  
  28  4:11  Probe  
  29  4:17  Probe  
  29  4:22  Probe  
  31  4:25  Probe  
  31  4:30  Probe  
  32  4:33  Probe  
  32  4:35  Gateway x2  
  32  4:38  Probe  
  35  4:45  Assimilator  
  35  4:47  Assimilator  
  35  4:49  Probe  
  35  4:50  Probe  
  37  4:55  Oracle x2  
  37  5:02  Probe x2  
  45  5:29  Phoenix x2  
  45  5:32  Probe  
  45  5:34  Probe  
  51  5:44  Probe  
  51  5:46  Probe  
  51  5:53  Void Ray  
  51  5:56  Probe  
  53  6:07  Pylon  
  53  6:08  Pylon  
  53  6:13  Pylon  
  53  6:15  Probe  
  54  6:27  Zealot, Probe  
  54  6:28  Zealot x2  
  61  6:47  Void Ray x2  
  61  6:50  Zealot x2  
  61  6:51  Protoss Air Weapons Level 1  
  61  6:53  Probe  
  74  6:54  Probe  
  75  7:05  Probe  
  75  7:06  Probe  
  77  7:43  Void Ray x2  
  82  8:15  Photon Cannon  
  82  8:17  Photon Cannon  
  82  8:26  Photon Cannon, Pylon  
  82  8:59  Zealot  
  82  9:00  Zealot, Gateway  
  94  9:32  Gateway  
  94  9:34  Gateway  
Show
View Real Time Build Order
Export as new Build Order

SandboX Zerg 

Build Orders: Hatch First 

Get SALT Encoding   

  12  0:01  Drone  
  13  0:14  Overlord  
  13  0:27  Drone  
  14  0:33  Drone x2  
  16  0:45  Drone  
  17  0:57  Hatchery  
  16  1:02  Drone x2  
  18  1:08  Extractor  
  17  1:20  Spawning Pool  
  17  1:25  Drone x2  
  18  1:31  Drone  
  19  1:49  Overlord  
  19  2:09  Zergling x4  
  22  2:15  Zergling x4  
  22  2:19  Metabolic Boost  
  22  2:22  Queen x2  
  26  2:36  Zergling x8  
  30  2:44  Zergling x2  
  29  2:52  Zergling x4  
  31  3:04  Zergling x4  
  30  3:25  Overlord x2  
  28  3:56  Hatchery  
  28  3:57  Extractor  
  28  4:02  Zergling x8  
  30  4:12  Baneling Nest  
  30  4:14  Zergling x2  
  30  4:30  Extractor  
  29  4:31  Evolution Chamber  
  29  4:33  Evolution Chamber, Zergling x4  
  29  4:34  Zergling x2  
  30  4:44  Drone  
  31  4:47  Overlord  
  31  5:15  Drone x4  
  31  5:18  Baneling  
  31  5:19  Baneling x8  
  25  5:58  Zergling x14  
  25  5:59  Zergling x2  
  30  6:13  Drone x3  
  33  6:24  Zergling x4  
  35  6:28  Baneling  
  35  6:29  Baneling x2  
  35  6:31  Baneling  
  35  6:34  Drone  
  36  6:59  Drone x7  
  38  7:20  Queen  
  38  7:21  Queen  
  33  7:30  Zergling x4  
  35  7:52  Baneling x11  
  35  8:04  Queen  
  29  8:47  Zergling x16  
  29  8:48  Zergling x4  
  34  9:05  Drone x4  
  38  9:13  Baneling  
  38  9:14  Baneling x2  
Tags
 
Add a new tag
Caveats
  • Supply blocks, unpowered buildings, or Contaminate may cause inaccurate times.
  • Supply counts are checked every 10 seconds.